Map: Curious Minds LE

Players

MICHELLIN

  • Race: Protoss Protoss
  • League: Gold
  • Spawn Location: 11:00

Tithmar - Winner!

  • Race: Protoss Protoss
  • League: Master
  • Spawn Location: 5:00

VOD

Have the link to the VOD?

Description

Time

  • Played on: May 10, 2022, 8 p.m.
  • Length: 12:26
Show
View Real Time Build Order
Export as new Build Order

MICHELLIN Protoss 

Build Orders: Cannon Rush 

Get SALT Encoding   

  12  0:03  Probe (Chrono Boost)  
  13  0:12  Probe (Chrono Boost)  
  14  0:17  Probe (Chrono Boost)  
  15  0:25  Pylon  
  15  0:43  Probe  
  15  0:44  Forge  
  16  0:50  Pylon  
  16  0:55  Probe  
  17  1:06  Pylon  
  17  1:28  Photon Cannon  
  17  1:29  Photon Cannon  
  17  1:32  Photon Cannon  
  17  1:59  Pylon  
  17  2:08  Pylon  
  17  2:19  Photon Cannon  
  17  2:21  Photon Cannon  
  17  2:28  Photon Cannon  
  17  2:33  Photon Cannon  
  17  2:45  Photon Cannon  
  17  2:56  Pylon  
  17  3:15  Photon Cannon  
  17  3:19  Photon Cannon  
  17  3:22  Photon Cannon  
  17  3:32  Photon Cannon  
  17  3:38  Gateway  
  17  3:51  Pylon  
  17  3:55  Pylon  
  17  4:05  Photon Cannon  
  17  4:13  Gateway  
  17  4:37  Cybernetics Core  
  17  4:42  Photon Cannon  
  17  4:54  Probe (Chrono Boost)  
  17  4:55  Assimilator  
  17  4:59  Assimilator  
  18  5:06  Probe (Chrono Boost)  
  19  5:12  Probe (Chrono Boost)  
  19  5:13  Photon Cannon  
  20  5:21  Probe  
  21  5:33  Probe (Chrono Boost)  
  22  5:45  Probe (Chrono Boost)  
  23  5:50  Probe (Chrono Boost)  
  24  5:57  Nexus  
  24  5:59  Probe  
  25  6:11  Probe  
  25  6:18  Pylon  
  26  6:25  Stargate  
  26  6:56  Stargate  
  26  7:01  Probe (Chrono Boost)  
  27  7:09  Oracle  
  27  7:11  Probe (Chrono Boost)  
  31  7:16  Probe (Chrono Boost)  
  32  7:29  Probe (Chrono Boost)  
  34  7:30  Probe (Chrono Boost)  
  34  7:31  Photon Cannon  
  34  7:34  Photon Cannon  
  34  7:40  Probe (Chrono Boost)  
  34  7:43  Probe (Chrono Boost)  
  36  7:45  Probe (Chrono Boost)  
  41  7:52  Void Ray  
  41  7:55  Probe  
  42  8:07  Probe  
  47  8:29  Void Ray (Chrono Boost)  
  51  8:35  Void Ray (Chrono Boost)  
  51  8:52  Pylon  
  51  9:08  Void Ray (Chrono Boost)  
  54  9:17  Shield Battery  
  54  9:20  Shield Battery  
  55  9:45  Void Ray  
  59  10:01  Void Ray  
  59  10:45  Void Ray  
  55  11:39  Pylon  
  55  11:40  Pylon  
  55  11:42  Pylon  
Show
View Real Time Build Order
Export as new Build Order

Tithmar Protoss - Winner!

Build Orders:  

Get SALT Encoding   

  12  0:00  Probe  
  13  0:12  Probe  
  14  0:18  Pylon  
  14  0:25  Probe  
  15  0:37  Probe (Chrono Boost)  
  15  0:38  Gateway  
  16  0:47  Assimilator  
  16  0:48  Probe (Chrono Boost)  
  17  0:53  Probe (Chrono Boost)  
  18  1:03  Probe  
  19  1:15  Probe  
  20  1:49  Zealot (Chrono Boost)  
  22  1:58  Nexus  
  22  2:23  Pylon  
  22  2:26  Pylon  
  24  2:46  Cybernetics Core  
  24  2:58  Gateway  
  24  2:59  Gateway  
  24  3:08  Assimilator  
  24  3:10  Probe  
  25  3:22  Probe  
  26  3:28  Robotics Facility  
  26  3:34  Probe  
  26  3:35  Pylon  
  27  3:44  Pylon  
  27  3:46  Probe  
  30  3:59  Probe, Pylon  
  30  4:09  Assimilator  
  30  4:11  Probe  
  30  4:14  Stalker  
  31  4:23  Probe  
  32  4:29  Stargate  
  32  4:44  Assimilator  
  30  4:50  Probe  
  29  5:02  Probe  
  30  5:10  Nexus  
  30  5:14  Probe  
  34  5:16  Void Ray (Chrono Boost)  
  26  5:21  Cybernetics Core  
  26  5:26  Probe  
  19  5:38  Probe  
  20  5:50  Probe  
  21  6:00  Void Ray (Chrono Boost)  
  25  6:06  Probe  
  25  6:18  Probe (Chrono Boost)  
  25  6:30  Probe (Chrono Boost)  
  25  6:31  Void Ray (Chrono Boost)  
  30  6:34  Probe (Chrono Boost)  
  30  6:36  Probe (Chrono Boost)  
  32  6:44  Probe  
  33  6:47  Protoss Air Weapons Level 1  
  33  6:48  Probe  
  34  6:57  Probe  
  34  7:00  Probe  
  36  7:10  Probe  
  36  7:12  Probe  
  42  7:18  Void Ray (Chrono Boost)  
  42  7:24  Pylon  
  42  7:30  Pylon  
  42  7:35  Probe  
  43  7:47  Probe  
  48  7:54  Void Ray  
  48  7:59  Probe  
  49  8:11  Probe  
  50  8:25  Shield Battery  
  50  8:28  Probe  
  51  8:40  Probe  
  50  8:54  Void Ray  
  54  9:03  Pylon  
  54  9:06  Pylon  
  54  9:10  Pylon  
  54  9:13  Assimilator  
  54  9:17  Assimilator  
  54  9:21  Probe  
  55  9:34  Probe  
  56  9:46  Probe  
  57  9:56  Fleet Beacon  
  57  9:58  Probe  
  62  10:00  Void Ray (Chrono Boost)  
  62  10:08  Protoss Air Armor Level 1 (Chrono Boost)  
  62  10:10  Probe  
  54  10:22  Probe  
  51  10:34  Probe, Void Ray (Chrono Boost)  
  56  10:41  Flux Vanes  
  56  10:46  Probe  
  57  10:58  Probe  
  57  11:00  Carrier (Chrono Boost)  
  64  11:10  Probe  
  57  11:31  Pylon  
  57  11:34  Pylon  
  57  11:45  Probe, Forge  
  58  11:57  Probe  
  63  12:09  Probe  
Tags
 
Matchup
PvP
Spawn Locations
Cross Positions
Add a new tag
Caveats
  • Supply blocks, unpowered buildings, or Contaminate may cause inaccurate times.
  • Supply counts are checked every 10 seconds.